 Dungeon Crawl Stone Soup version 0.28.0-53-g5a82cb258f (webtiles) character file.

Game seed: 5978726858379017590

302 Azo the Sneak (level 6, -11/39 HPs)
             Began as an Octopode Wanderer on Aug 25, 2022.
             Engulfed by a cloud of flame (13 damage)
             ... on level 3 of the Dungeon.
             The game lasted 00:26:24 (3342 turns).

Azo the Sneak (Octopode Wanderer)                   Turns: 3342, Time: 00:26:33

Health: -11/39     AC: 11    Str:  9    XL:     6   Next: 37%
Magic:  5/10       EV: 13    Int: 16    God:
Gold:   95         SH:  0    Dex: 14    Spells: 3/10 levels left

rFire   . . .      SeeInvis .   f - +1 dagger (elec)
rCold   . . .      Faith    .   (no shield)
rNeg    . . .      Spirit   .   (helmet restricted)
rPois   .          Reflect  .   (no amulet)
rElec   .          Harm     .   h - +4 ring of protection
rCorr   .          Rampage  .   (no ring)
Will    .....                   (no ring)
Stlth   ++++......              (no ring)
HPRegen 0.13/turn               (no ring)
MPRegen 0.12/turn               (no ring)
                                (no ring)
                                (no ring)

@: ice-armoured
A: almost no armour, amphibious, 8 rings, camouflage 1, gelatinous body 1,
(nimble swimmer 1), tentacles
a: no special abilities


You were on level 3 of the Dungeon.
You visited 1 branch of the dungeon, and saw 3 of its levels.
You also visited: Sewer.

You collected 95 gold pieces.

Inventory:

Hand Weapons
 f - a +1 dagger of electrocution (weapon)
Jewellery
 h - a +4 ring of protection (left tentacle)
Scrolls
 e - a scroll of fog
 q - a scroll of teleportation {unknown}
 r - a scroll of enchant armour
Potions
 b - a potion of invisibility
 c - a potion of lignification
 g - 2 potions of might
 i - a potion of magic {unknown}
 j - a potion of resistance {unknown}
 l - 3 potions of curing
 m - a potion of mutation {unknown}
 n - a potion of berserk rage {unknown}
 o - a potion of degeneration {unknown}
 p - a potion of heal wounds {unknown}


   Skills:
 * Level 1.9 Fighting
 * Level 1.3 Short Blades
 * Level 1.7 Dodging
 * Level 7.0 Stealth
 * Level 2.7 Spellcasting
 * Level 4.1 Ice Magic
 + Level 1.3 Invocations


You had 3 spell levels left.
You knew the following spells:

 Your Spells              Type           Power      Damage    Failure   Level
a - Freeze                Ice            60%        1d8       3%          1
b - Ozocubu's Armour      Ice            15%        N/A       11%         3
c - Frozen Ramparts       Ice            30%        1d5       11%         3

Your spell library contained the following spells:

 Spells                   Type           Power      Damage    Failure   Level
 Metabolic Englaciation   Hex/Ice        4%         N/A       92%         5
 Simulacrum               Ice/Necr       4%         N/A       100%        6


Dungeon Overview and Level Annotations

Branches:
Dungeon (3/15)              Sewer (visited)

Altars:
Ashenzari


Innate Abilities, Weirdness & Mutations

You cannot wear most types of armour.
You are amphibious.
You can wear up to eight rings at the same time.
Your skin changes colour to match your surroundings (Stealth+).
Your rubbery body absorbs attacks. (AC +1, EV +1)
((You are camouflaged when in or above water. (Stealth+)))
You have tentacles for arms and can constrict up to eight enemies at once.


Message History

The wall freezes Grinder but does no damage.
Grinder hits you.
You writhe in agony.
Grinder completely resists.
The wall freezes Grinder but does no damage.
Grinder says, "There's only one good use for a tongue: cutting it out."
Grinder gestures at you.
You shrug off the repeated paralysis!
Grinder completely resists.
The wall freezes Grinder but does no damage.
Grinder hits you!
You writhe in agony.
Grinder completely resists.
The wall freezes Grinder but does no damage.
Grinder hits you but does no damage.
The frozen ramparts melt away.
Grinder splashes around in the water.
You can move again.
You closely miss Grinder. You grab Grinder.
Grinder is lightly wounded.
You constrict Grinder. Grinder closely misses you.
Casting: Frozen Ramparts (dangerous; 11% risk of failure)
Confirm with . or Enter, or press ? or * to list all spells.
Aiming: Freeze (safe; 3% risk of failure)
Press: ? - help, Shift-Dir - straight line, f - Grinder
Aim: Grinder (lightly wounded, constricted by you)
You freeze Grinder but do no damage.
Grinder completely resists.
You constrict Grinder. Grinder hits you.
* * * LOW HITPOINT WARNING * * *
Unknown command.
As you read the scroll labelled YVVUQA MOIXA, it crumbles to dust.
The creatures around you are filled with an inner flame!
It was a scroll of immolation.
You constrict Grinder.
Flame seeps out of Grinder.
Grinder is engulfed in blazing flames.
Flame seeps out of Grinder.
Grinder misses you.
As you read the scroll labelled BAOXIM JOTI, it crumbles to dust.
You speak a Word of immense power!
Grinder convulses!
It was a scroll of holy word.
Grinder explodes!
The fiery explosion engulfs you!
* * * LOW HITPOINT WARNING * * *
You are engulfed in blazing flames.
You die...

§.....##.....###.####
............. #.#####
......##..!..
#.....####
##.#####.....
##.......# .. ######
#.##.##§# .#
#>##.##.## #.##.##..#
##########§#
#≈@○§≈≈≈≈≈.#
############


There were no monsters in sight!

Vanquished Creatures
  Grinder (D:3)
  2 kobold brigands (Sewer)
  11 adders
  A worm (D:2)
  A dart slug (D:1)
  4 bats
  9 endoplasms
  8 goblins
  3 hobgoblins
  3 jackals
  9 kobolds
  8 ball pythons
  5 frilled lizards
  5 rats
70 creatures vanquished.

Vanquished Creatures (others)
  43 plants (Sewer)
43 creatures vanquished.

Grand Total: 113 creatures vanquished

Notes
Turn   | Place    | Note
-------+----------+-------------------------------------------
     0 | D:1      | Azo the Octopode Wanderer began the quest for the Orb.
     0 | D:1      | Azo set off with the following items: a +2 dagger, a potion
                  | of invisibility, a potion of lignification; and the
                  | following spell memorised: Freeze; and the following spells
                  | available to memorise: Frozen Ramparts
     0 | D:1      | Reached XP level 1. HP: 13/13 MP: 2/2
   195 | D:1      | Reached XP level 2. HP: 18/18 MP: 3/3
   372 | D:1      | Reached skill level 6 in Stealth
   470 | D:1      | Reached XP level 3. HP: 23/23 MP: 4/4
   505 | D:1      | Learned a level 3 spell: Ozocubu's Armour
  1252 | D:2      | Reached XP level 4. HP: 24/28 MP: 1/6
  1548 | D:2      | Found a broken altar of Ashenzari.
  1861 | D:2      | Reached skill level 1 in Dodging
  2244 | D:3      | Noticed Grinder
  2271 | D:3      | Found a glowing drain.
  2282 | Sewer    | Entered a sewer
  2435 | Sewer    | Noticed a kobold brigand
  2447 | Sewer    | Learned a level 3 spell: Frozen Ramparts
  2755 | Sewer    | Killed a kobold brigand
  2756 | Sewer    | Reached skill level 1 in Short Blades
  2756 | Sewer    | Reached XP level 5. HP: 22/33 MP: 1/8
  3080 | Sewer    | Reached XP level 6. HP: 33/39 MP: 9/9
  3252 | Sewer    | Reached skill level 7 in Stealth
  3331 | D:3      | Paralysed by Grinder for 7 turns
  3342 | D:3      | Killed Grinder
  3342 | D:3      | Engulfed by a cloud of flame

Illustrated notes

Levels and vault maps discovered:
D:1:      amcnicky_arrival_blooded_trapdoor, layout_loops_ring, chequers_garden
D:2:      layout_basic, basic_altar
D:3:      minmay_inner_zag, layout_loops_cross, zin_statuary,
          nicolae_wu_jian_wuxing_cycle, portal_sewer_entry_d,
          shapermc_ecumenical_altar_mp_vishouse, uniq_grinder

Skill      XL: |  1  2  3  4  5  6 |
---------------+-------------------+-----
Stealth        | 6 7 |  7.0
Dodging        | 1 |  1.7
Spellcasting   | 2 |  2.7
Short Blades   | 1 |  1.3
Ice Magic      | 4 |  4.1
Fighting       | |  1.9
Invocations    | |  1.3

Action                   |  1- 3 |  4- 6 || total
-------------------------+-------+-------++-------
Melee: Dagger            |    30 |   125 ||   155
       Constrict         |     4 |    53 ||    57
       Tentacles         |     1 |    32 ||    33
       Punch             |       |     2 ||     2
 Cast: Freeze            |    30 |    21 ||    51
       Ozocubu's Armour  |     1 |     3 ||     4
       Frozen Ramparts   |       |     2 ||     2
  Use: Scroll            |       |     6 ||     6
 Stab: Sleeping          |    14 |     9 ||    23
Armor: Skin              |     7 |    20 ||    27
Dodge: Dodged            |    21 |    59 ||    80
